 Dungeon Crawl Stone Soup version 0.32-a0-120-gfac0567ad4 (webtiles) character file.

Game seed: 8391564414406980479

25 hipposaver the Ruffian (level 2, -1/21 HPs)
             Began as a Demonspawn Shapeshifter on Feb 7, 2024.
             Killed from afar by Natasha (9 damage)
             ... with a magic dart
             ... on level 2 of the Dungeon.
             The game lasted 00:03:08 (1010 turns).

hipposaver the Ruffian (Demonspawn Shapeshifter)    Turns: 1010, Time: 00:03:08

Health: -1/21      AC:  2    Str: 14    XL:     2   Next: 86%
Magic:  2/2        EV: 12    Int: 10    God:
Gold:   37         SH:  4    Dex: 12    Spells: 1/1 levels left

rFire   . .          .
                       - Unarmed
rCold   . . .        (no shield)
rNeg    . . .        a - +0 animal skin
rPois   .            (helmet currently unavailable)
rElec   .            (cloak currently unavailable)
rCorr   .            (gloves currently unavailable)
SInv    .            (boots currently unavailable)
Will    .....        (no amulet)
Stlth   +            (no ring)
HPRegen 0.23/turn    (no ring)
MPRegen 0.08/turn

%: no passive effects
@: beast-form
A: beast (slay +1), large bone plates 1
a: Begin Untransformation


You were on level 2 of the Dungeon.
You were a hulking beast.
You visited 1 branch of the dungeon, and saw 2 of its levels.

You collected 37 gold pieces.

Inventory:

Armour
 a - a +0 animal skin (worn)
Jewellery
 f - a ring of poison resistance
Talismans
 c - a beast talisman
 d - a flux talisman
Scrolls
 e - a scroll of teleportation
 g - a scroll of identify
Potions
 b - 2 potions of lignification
 h - a potion of magic
 i - a potion of degeneration {unknown}


   Skills:
 + Level 1.1 Fighting
 + Level 1.9 Dodging
 + Level 0.2 Stealth
 + Level 3.2 Unarmed Combat
 + Level 3.0 Shapeshifting


You had one spell level left.
You didn't know any spells.
Your spell library contained the following spells:

 Spells                   Type           Power      Damage    Failure   Level
 Apportation              Tloc           0%         N/A       36%         1
 Necrotise                Necr           0%         1d4       36%         1
 Sting                    Conj/Alch      0%         1d3       36%         1
 Summon Small Mammal      Summ           0%         N/A       36%         1
 Fugue of the Fallen      Necr           0%         N/A       75%         3
 Inner Flame              Hex/Fire       0%         N/A       75%         3
 Ozocubu's Armour         Ice            0%         N/A       75%         3
 Manifold Assault         Tloc           0%         N/A       98%         4
 Irradiate                Conj/Alch      0%         3d11      100%        5
 Ignition                 Fire           0%         3d3       100%        8


Dungeon Overview and Level Annotations

Branches:
Dungeon (2/15)

Altars:

Annotations:
D:2 Natasha


Innate Abilities, Weirdness & Mutations

You are a hulking beast.
Your limbs bulge with bestial killing power. (Slay +1)
You are partially covered in large bone plates. (SH +4)


Message History

Natasha enters a dispersal trap!
The cerulean imp blinks!
You blink.
Natasha blinks!
Natasha mumbles some strange words.
Natasha's front paws start to glow.
You see here a +0 short sword.
Natasha casts a spell at you. The magic dart hits you!
The cerulean imp attacks as it pursues you!
The cerulean imp misses you.
The cerulean imp hits you but does no damage.
Natasha howls an incantation.
You feel disoriented.
Okay, then.
Okay, then.
As you read the scroll of teleportation, it crumbles to dust.
You feel strangely unstable.
The cerulean imp hits you but does no damage.
The cerulean imp misses you.
You hit the cerulean imp.
The cerulean imp is moderately wounded.
Your surroundings seem slightly different.
Natasha extends her claws.
Natasha mumbles some strange words.
You enter a dispersal trap!
The cerulean imp blinks! x2; Natasha blinks!
The cerulean imp blinks!
You blink.
The cerulean imp hits you with a +2 spear.
You hit Natasha.
Natasha is lightly wounded.
Natasha mumbles some strange words.
The cerulean imp hits you with a +2 spear.
You hit Natasha.
Natasha is moderately wounded.
The cerulean imp enters a dispersal trap!
The cerulean imp blinks!
Natasha blinks!
The cerulean imp blinks! x2
You blink.
The cerulean imp blinks!
The cerulean imp disappears in a puff of smoke!
Natasha casts a spell at you. The magic dart hits you!
You die...
Natasha curls up and begins to purr.

#.................#
#.......<........#
#...............#
#...............#
#..............##..
##......#....>....
#.#############.#
#.## #...######.##
#h.# #.#...§......
##.###............
#..)#....#....#
####h5.......## #
####...§.[......#....
........#....§.......
##...##§..##.##..5##.
#....#§...##.###.....
..#. #......)# #....


You could see Natasha and a cerulean imp (summoned).

Vanquished Creatures
  A dart slug (D:1)
  An endoplasm (D:1)
  A giant cockroach (D:1)
  2 goblins (D:1)
  4 hobgoblins (D:1)
  3 jackals (D:2)
  2 kobolds (D:1)
  2 quokkas (D:1)
  2 ball pythons (D:1)
  A bat (D:1)
  A frilled lizard (D:1)
  A rat (D:1)
21 creatures vanquished.

Notes
Turn   | Place    | Note
-------+----------+-------------------------------------------
     0 | D:1      | hipposaver the Demonspawn Shapeshifter began the quest for
                  | the Orb.
     0 | D:1      | Reached XP level 1. HP: 15/15 MP: 1/1
   246 | D:1      | Gained mutation: You are partially covered in large bone
                  | plates. (SH +4) [demonic ancestry]
   246 | D:1      | Reached XP level 2. HP: 15/21 MP: 2/2
   951 | D:2      | Noticed a scorpion
   990 | D:2      | Noticed Natasha
  1010 | D:2      | Killed from afar by Natasha

Illustrated notes

Levels and vault maps discovered:
D:1:      spicycebolla_green_bress_n_ham, layout_basic
D:2:      layout_rooms, uniq_natasha

Skill      XL: |  1  2 |
---------------+-------+-----
Unarmed Combat | 3 |  3.2
Shapeshifting  | 3 |  3.0
Fighting       | |  1.1
Dodging        | |  1.9
Stealth        | |  0.2

Action                     || total
---------------------------++-------
  Melee: Unarmed           ||    79
         Punch             ||     2
    Use: Scroll            ||     4
 Armour: Animal skin       ||    36
  Dodge: Dodged            ||    37
  Block: Other             ||     5

Table legend: (Time is in decaauts)
 A = Elapsed time spent in this place.
 B = Non-inter-level travel time spent in this place.
 C = Inter-level travel time spent in this place.
 D = Time resting spent in this place.
 E = Time spent auto-exploring this place.
 F = Levels seen in this place.
 G = Mean time per level.
                   A        B        C        D        E       F      G
               +--------+--------+--------+--------+--------+-----+--------+
         Total |   1006 |    976 |     30 |    104 |    645 |   2 |  503.0 |
       Dungeon |   1006 |    976 |     30 |    104 |    645 |   2 |  503.0 |
               +--------+--------+--------+--------+--------+-----+--------+

Top non-repeatable levels by time:
     D:1: 925 daAuts
     D:2: 80 daAuts
